 Dungeon Crawl Stone Soup version 0.28-a0-1152-g9c71ebef14 (webtiles) character file.

Game seed: 6508969662315751408

46 spaghetti the Skirmisher (level 3, -2/44 HPs)
             Began as an Ogre Delver on Dec 14, 2021.
             Slain by a water moccasin skeleton (4 damage)
             ... on level 4 of the Dungeon.
             The game lasted 00:03:41 (1504 turns).

spaghetti the Skirmisher (Ogre Delver)              Turns: 1504, Time: 00:03:41

Health: -2/44      AC:  3    Str: 16    XL:     3   Next: 68%
Magic:  3/3        EV:  9    Int: 13    God:
Gold:   0          SH:  0    Dex: 10    Spells: 2/2 levels left

rFire   . . .      SeeInvis .   a - +0 mace {mace}
rCold   . . .      Faith    .   (no shield)
rNeg    . . .      Spirit   .   b - +0 robe
rPois   .          Reflect  .   (helmet restricted)
rElec   .          Harm     .   (no cloak)
rCorr   .          Rampage  .   (gloves unavailable)
Will    .....                   (boots unavailable)
Stlth   ++........              (no amulet)
HPRegen 0.14/turn               (no ring)
MPRegen 0.08/turn               (no ring)

@: no status effects
A: large, unfitting armour, tough skin 1
a: no special abilities


You were on level 4 of the Dungeon.
You visited 1 branch of the dungeon, and saw 3 of its levels.


Innate Abilities, Weirdness & Mutations

You are too large for most types of armour.
You have tough skin. (AC +1)


   Skills:
 + Level 6.1 Fighting
 - Level 1.7 Maces & Flails
 - Level 1.7 Dodging
 - Level 3.7 Stealth


You had 2 spell levels left.
You didn't know any spells.
Your spell library was empty.

Inventory:

Hand Weapons
 a - a +0 mace (weapon) {mace}
Missiles
 h - 21 arrows
Armour
 b - a +0 robe (worn)
Wands
 g - a wand of digging (1)
Scrolls
 c - a scroll of fog
 d - 3 scrolls of magic mapping {!r}

Dungeon Overview and Level Annotations

Branches:
Dungeon (6/15)
 Temple: D:4-7

Altars:

Shops:
D:5 (

Annotations:
D:6 Pikel

##.. #.... ...# .....
#..# #.. #..# #.. #..#
#.. #..# ##. #..# ####
#..##################.
...
#........Z@...........
..#
##.###########..#####
#.# ##.##### #..# #.#
## ##......#
#..########.## .#
##.#####.#
###..##......... .#
##.## #.#
#.............##
.###.## #l#
#.#..##.#####.# .##.##
#.# #.#..##.# #.#
.#.## #.# #.#..##.#
#.#


You could see a water moccasin skeleton.


Message History

You regained 8 hp, and now have 30/44 hp. 😮 HP[+1]
You are too injured to fight recklessly!
You barely miss the water moccasin skeleton.
The water moccasin skeleton bites you.
The water moccasin skeleton bites you but does no damage. 😮 HP[-5]
You take 5 damage, and now have 26/44 hp.
You barely miss the water moccasin skeleton.
The water moccasin skeleton bites you. x2
* * * LOW HITPOINT WARNING * * *
😨 HP[-5]
You take 5 damage, and now have 21/44 hp.
You hit the water moccasin skeleton. The water moccasin skeleton bites you.
* * * LOW HITPOINT WARNING * * *
😨 HP[-2]
You take 2 damage, and now have 19/44 hp.
Unknown command.
Unknown command.
You closely miss the water moccasin skeleton.
The water moccasin skeleton bites you.
* * * LOW HITPOINT WARNING * * *
The water moccasin skeleton barely misses you. 😨 HP[-2]
You take 2 damage, and now have 17/44 hp.
Unknown command.
Unknown command.
You aren't carrying any potions.
Unknown command.
Okay, then.
Unknown command.
You sock the water moccasin skeleton! The water moccasin skeleton bites you.
* * * LOW HITPOINT WARNING * * *
😨 HP[-5]
You take 5 damage, and now have 12/44 hp.
Unknown command.
Unknown command.
Unknown command.
Okay, then.
Unknown command.
Okay, then.
You aren't carrying any potions.
Unknown command.
Aiming: Dig
Press: ? - help, Shift-Dir - straight line A rock wall.
Okay, then.
Aiming: Dig
Press: ? - help, Shift-Dir - straight line A rock wall.
The rock shatters into small pieces.
The water moccasin skeleton barely misses you.
The water moccasin skeleton completely misses you.
The water moccasin skeleton barely misses you. 😨 HP[+1]
The water moccasin skeleton barely misses you. 😨 HP[+1]
The water moccasin skeleton bites you.
* * * LOW HITPOINT WARNING * * *
😱 HP[-6]
You take 6 damage, and now have 8/44 hp.
You aren't carrying any potions.
Okay, then.
Unknown command.
You are too injured to fight recklessly!
You are too injured to fight recklessly!
You are too injured to fight recklessly!
You are too injured to fight recklessly!
You are too injured to fight recklessly!
You are too injured to fight recklessly!
You are too injured to fight recklessly!
You are too injured to fight recklessly!
You are too injured to fight recklessly!
You are too injured to fight recklessly!
You are too injured to fight recklessly!
You are too injured to fight recklessly!
You are too injured to fight recklessly!
You are too injured to fight recklessly!
You are too injured to fight recklessly!
You are too injured to fight recklessly!
You are too injured to fight recklessly!
You are too injured to fight recklessly!
You are too injured to fight recklessly!
You are too injured to fight recklessly!
You are too injured to fight recklessly!
You are too injured to fight recklessly!
You are too injured to fight recklessly!
You are too injured to fight recklessly!
You are too injured to fight recklessly!
Unknown command.
You hit the water moccasin skeleton. The water moccasin skeleton bites you.
* * * LOW HITPOINT WARNING * * *
The water moccasin skeleton bites you.
* * * LOW HITPOINT WARNING * * *
😱 HP[-7]
You take 7 damage, and now have 1/44 hp.
You closely miss the water moccasin skeleton.
The water moccasin skeleton completely misses you.
The water moccasin skeleton bites you.
You die...

Skill      XL: |  1  2  3 |
---------------+----------+-----
Fighting       | 5 6 |  6.1
Maces & Flails | |  1.7
Dodging        | |  1.7
Stealth        | |  3.7

Action                   || total
-------------------------++-------
Melee: Mace              ||    45
Evoke: Wand              ||     2
  Use: Scroll            ||     3
       Potion            ||     2
 Stab: Distracted        ||     1
       Sleeping          ||     1
Armor: Robe              ||    17
Dodge: Dodged            ||    53

Levels and vault maps discovered:
D:4:      layout_loops_ring, mainiacjoe_overflow_boulevard,
          mainiacjoe_overflow_tiny_flanked
D:5:      cheibrodos_iron_armory, layout_rooms, kennysheep_mini,
          grunt_gozag_statues, nicolae_qazlal_style_of_elements, serial_shops,
          shop, nicolae_shop_stone
D:6:      minmay_razor_zed, layout_rooms, minmay_temple_entry_hall,
          serial_shops, shop, nicolae_shop_temple_entry_statues_fountains,
          shop_fountains, shop, kennysheep_decorative_pillar, st_stairs_13,
          uniq_pikel

Notes
Turn   | Place    | Note
-------+----------+-------------------------------------------
     0 | D:5      | spaghetti the Ogre Delver began the quest for the Orb.
     0 | D:5      | Reached XP level 1. HP: 24/24 MP: 1/1
     0 | D:5      | magus.rc [v1.9.6]
    25 | D:5      | Found Zuklid's Antique Weapon Shoppe.
    33 | D:4      | Noticed an iguana
   493 | D:4      | Reached XP level 2. HP: 33/33 MP: 2/2
   510 | D:4      | Reached skill level 5 in Fighting
   668 | D:5      | HP: 7/35 [bullfrog skeleton (4)]
   673 | D:5      | Reached XP level 3. HP: 6/44 MP: 3/3
   969 | D:5      | HP: 8/44 [ufetubus (4)]
  1255 | D:4      | HP: 9/44 [iguana (5)]
  1257 | D:4      | HP: 3/44 [iguana (7)]
  1347 | D:5      | Reached skill level 6 in Fighting
  1357 | D:6      | Noticed Pikel
  1357 | D:6      | Noticed a lemure
  1358 | D:6      | Noticed a lemure
  1499 | D:4      | HP: 8/44 [water moccasin skeleton (6)]
  1503 | D:4      | HP: 1/44 [water moccasin skeleton (6)]
  1504 | D:4      | Slain by a water moccasin skeleton

Vanquished Creatures
  A bullfrog skeleton (D:5)
  2 ufetubi
  An endoplasm (D:4)
4 creatures vanquished.

Vanquished Creatures (collateral kills)
  2 orcs (D:4)
  A quokka (D:4)
3 creatures vanquished.

Grand Total: 7 creatures vanquished

Table legend:
 A = Non-vault XP
 B = Vault XP
 C = Vault XP percentage of total XP
 D = Non-vault monster count
 E = Vault monster count
 F = Vault count percentage of total count
                 A         B        C        D         E       F
            +---------+---------+-------+---------+---------+-------
      Total |      67 |       0 |   0.0 |       7 |       0 |   0.0
            +---------+---------+-------+---------+---------+-------
        D:4 |      18 |       0 |   0.0 |       5 |       0 |   0.0
        D:5 |      49 |       0 |   0.0 |       2 |       0 |   0.0
            +---------+---------+-------+---------+---------+-------

Illustrated notes

Table legend:
 A = Kills in this place as a percentage of kills in entire the game.
 B = Kills by you in this place as a percentage of kills by you in the entire game.
 C = Kills by friends in this place as a percentage of kills by friends in the entire game.
 D = Other kills in this place as a percentage of other kills in the entire game.
 E = Experience gained in this place as a percentage of experience gained in the entire game.
 F = Experience gained in this place divided by the number of levels of this place that you have seen.
                   A       B       C       D       E      F
               +-------+-------+-------+-------+-------+----------------------
         Total | 100.0 | 100.0 | 100.0 |   N/A | 100.0 |  22.3
       Dungeon | 100.0 | 100.0 | 100.0 |   N/A | 100.0 |  22.3
               +-------+-------+-------+-------+-------+----------------------

Table legend: (Time is in decaauts)
 A = Elapsed time spent in this place.
 B = Non-inter-level travel time spent in this place.
 C = Inter-level travel time spent in this place.
 D = Time resting spent in this place.
 E = Time spent auto-exploring this place.
 F = Levels seen in this place.
 G = Mean time per level.
                   A        B        C        D        E       F      G
               +--------+--------+--------+--------+--------+-----+--------+
         Total |   1502 |   1463 |     39 |    908 |    241 |   3 |  500.7 |
       Dungeon |   1502 |   1463 |     39 |    908 |    241 |   3 |  500.7 |
               +--------+--------+--------+--------+--------+-----+--------+

Top non-repeatable levels by time:
     D:4: 993 daAuts
     D:5: 507 daAuts
     D:6: 1 daAuts
